 Dungeon Crawl Stone Soup version 0.29-a0-839-g4793fd635e (webtiles) character file.

Game seed: 695640803276585181

2274 Malachi the Frost Mage (level 9, 0/58 HPs)
             Began as an Octopode Ice Elementalist on July 14, 2022.
             Was an Initiate of Vehumet.
             Slain by a vampire (4 damage)
             ... on level 6 of the Dungeon.
             The game lasted 00:10:40 (7534 turns).

Malachi the Frost Mage (Octopode Ice Elementalist)  Turns: 7534, Time: 00:10:40

Health: 0/58       AC: 11    Str:  8    XL:     9   Next: 39%
Magic:  21/21      EV: 13    Int: 21    God:    Vehumet [......]
Gold:   423        SH:  0    Dex: 12    Spells: 17/24 levels left

rFire   x . .      SeeInvis .   q - +0 short sword (holy)
rCold   + . .      Faith    .   (no shield)
rNeg    . . .      Spirit   .   g - +1 hat
rPois   .          Reflect  .   i - amulet of magic regeneration
rElec   .          Harm     .   b - ring of ice
rCorr   .          Rampage  .   (no ring)
Will    .....                   (no ring)
Stlth   ++++......              (no ring)
HPRegen 0.19/turn               (no ring)
MPRegen 0.57/turn               (no ring)
                                (no ring)
                                (no ring)

@: ice-armoured, freezing walls
A: almost no armour, amphibious, 8 rings, camouflage 1, gelatinous body 1,
nimble swimmer 1, tentacles
a: Renounce Religion


You were on level 6 of the Dungeon.
You worshipped Vehumet.
Vehumet was noncommittal.
You visited 1 branch of the dungeon, and saw 6 of its levels.

You collected 423 gold pieces.

Inventory:

Hand Weapons
 q - a +0 short sword of holy wrath (weapon)
 u - a +0 short sword of protection
 w - a +2 short sword of flaming
Armour
 g - a +1 hat (worn)
Jewellery
 b - a ring of ice (left tentacle)
 i - an amulet of magic regeneration (around mantle)
 n - an amulet of the acrobat
Wands
 x - a wand of flame (29)
Scrolls
 f - 3 scrolls of poison
 h - a scroll of enchant armour {unknown}
 j - a scroll of fear
 k - 2 scrolls of teleportation
 l - a scroll of fog
 m - 4 scrolls of immolation
Potions
 a - a potion of magic
 c - a potion of degeneration {unknown}
 d - 5 potions of heal wounds {unknown}
 e - a potion of ambrosia {unknown}
 p - a potion of flight {unknown}
 r - 2 potions of curing {unknown}
 s - 2 potions of lignification {unknown}
 t - 2 potions of mutation {unknown}
 v - a potion of attraction {unknown}


   Skills:
 + Level 3.7 Fighting
 - Level 0.2 Short Blades
 - Level 2.0 Dodging
 - Level 2.7 Stealth
 - Level 8.0 Spellcasting
 * Level 3.7 Conjurations
 - Level 8.0 Ice Magic


You had 17 spell levels left.
You knew the following spells:

 Your Spells              Type           Power      Damage    Failure   Level
a - Freeze                Ice            100%       1d11      1%          1
b - Frozen Ramparts       Ice            100%       1d12      1%          3
c - Ozocubu's Armour      Ice            58%        N/A       1%          3

Your spell library contained the following spells:

 Spells                   Type           Power      Damage    Failure   Level
 Ensorcelled Hibernation  Hex/Ice        74%        N/A       2%          2
 Hailstorm                Conj/Ice       49%        3d11      7%          4
 Passwall                 Tmut/Erth      6%         N/A       12%         2
 Gell's Gravitas          Tloc           8%         N/A       24%         3
 Lesser Beckoning         Tloc           8%         N/A       24%         3
 Portal Projectile        Hex/Tloc       16%        N/A       24%         3
 Swiftness                Air            8%         N/A       24%         3
 Teleport Other           Tloc           8%         N/A       24%         3
 Tukima's Dance           Hex            8%         N/A       24%         3
 Blade Hands              Tmut           4%         N/A       91%         5


Dungeon Overview and Level Annotations

Branches:
Dungeon (6/15)
 Temple: D:4-7

Altars:
Cheibriados
Elyvilon
Gozag
Qazlal
Vehumet
Xom
Yredelemnul

Annotations:
D:6 Grinder


Innate Abilities, Weirdness & Mutations

You cannot wear most types of armour.
You are amphibious.
You can wear up to eight rings at the same time.
Your skin changes colour to match your surroundings (Stealth+).
Your rubbery body absorbs attacks. (AC +1, EV +1)
You are camouflaged when in or above water. (Stealth+)
You have tentacles for arms and can constrict up to eight enemies at once.


Message History

Your icy armour and frozen ramparts will break if you move.
Continue? [Y]es or [N]o only, please.
Your icy armour and frozen ramparts will break if you move.
Continue? [Y]es or [N]o only, please.
Your icy armour and frozen ramparts will break if you move.
Continue? [Y]es or [N]o only, please.
Your icy armour and frozen ramparts will break if you move.
Continue?
Okay, then.
Your icy armour and frozen ramparts will break if you move.
Continue? [Y]es or [N]o only, please.
Your icy armour and frozen ramparts will break if you move.
Continue?
Okay, then.
Your icy armour and frozen ramparts will break if you move.
Continue?
Okay, then.
You miss something.
The wall freezes something.
Something hits you!
You hear a splashing noise.
You barely miss something. Your squeeze misses something.
The wall freezes something.
Something hits you but does no damage. Something bites you but does no damage.
You barely miss something.
The wall freezes something.
You hear a splashing noise.
Something bites you but does no damage.
The wall freezes something.
Something draws life force from you!
You hit something but do no damage. You squeeze something.
The wall freezes something but does no damage.
Something draws life force from you!
You swing at nothing.
The wall freezes something.
Something hits you but does no damage. Something bites you but does no damage.
You swing at nothing.
The wall freezes something.
Something draws life force from you!!
* * * LOW HITPOINT WARNING * * *
You hit something but do no damage.
The wall freezes something.
You hear a splashing noise.
Something bites you but does no damage.
You barely miss something. You tentacle-slap something.
Your squeeze misses something.
The wall freezes something.
Something barely misses you. Something bites you but does no damage.
You miss something. You squeeze something.
The wall freezes something.
Something hits you.
You die...

####### ###...≈≈##
#@≈.####.## #..≈{≈##+ ##†#
#..##### #.# ######### #
#.....#.# ........
#≈P.≈.#≈#
......######....5#≈P≈P.#≈#
...........#...PP#..?(≈#≈#
..........(#.P.P/#≈≈?≈≈#≈#
...........#≈$.≈:##SS≈##≈#


There were no monsters in sight!

Vanquished Creatures
  Pikel (D:6)
  Eustachio (D:4)
  Menkaure (D:6)
  A water moccasin (D:5)
  An orc warrior (D:6)
  A sky beast (D:6)
  An ogre (D:6)
  A centaur (D:5)
  A bullfrog (D:6)
  A necrophage (D:6)
  5 scorpions
  A howler monkey (D:6)
  4 hounds
  2 jellies (D:5)
  Terence (D:2)
  Ijyb (D:4)
  Natasha (thrice) (D:4)
  2 iguanas
  2 orc wizards
  7 gnolls
  7 adders
  A white imp (D:5)
  An ufetubus (D:6)
  A worm (D:4)
  3 dart slugs
  20 orcs
  6 ball pythons
  6 endoplasms
  5 giant cockroaches
  3 goblins
  10 hobgoblins
  3 jackals (D:1)
  7 kobolds
  5 quokkas
  4 bats
  2 frilled lizards
  2 rats
  A spectral goblin (D:3)
125 creatures vanquished.

Notes
Turn   | Place    | Note
-------+----------+-------------------------------------------
     0 | D:1      | Malachi the Octopode Ice Elementalist began the quest for
                  | the Orb.
     0 | D:1      | Reached XP level 1. HP: 11/11 MP: 3/3
   269 | D:1      | Reached XP level 2. HP: 8/18 MP: 0/5
   868 | D:1      | Reached XP level 3. HP: 18/22 MP: 4/6
  1402 | D:2      | Learned a level 3 spell: Frozen Ramparts
  1406 | D:2      | Learned a level 3 spell: Ozocubu's Armour
  1713 | D:2      | Noticed Terence
  1720 | D:2      | Killed Terence
  1721 | D:2      | Reached skill level 5 in Ice Magic
  1721 | D:2      | Reached XP level 4. HP: 17/27 MP: 7/7
  2442 | D:3      | Reached XP level 5. HP: 17/32 MP: 7/9
  3321 | D:3      | Found a faded altar of an unknown god.
  4109 | D:4      | Noticed Ijyb
  4118 | D:4      | Killed Ijyb
  4186 | D:4      | Reached XP level 6. HP: 37/37 MP: 11/11
  4383 | D:4      | Noticed Eustachio
  4395 | D:4      | Killed Eustachio
  4595 | D:4      | Noticed Natasha
  4606 | D:4      | Killed Natasha
  4607 | D:4      | Reached XP level 7. HP: 36/42 MP: 7/14
  4790 | D:4      | Noticed Natasha
  4807 | D:4      | Killed Natasha
  5332 | D:4      | Noticed Natasha
  5339 | D:4      | Killed Natasha
  5361 | D:5      | Entered Level 5 of the Dungeon
  5376 | D:5      | Reached skill level 5 in Spellcasting
  5517 | D:5      | Found Tuixt's Antique Armour Boutique.
  5535 | D:5      | Reached skill level 1 in Fighting
  5773 | D:5      | Reached XP level 8. HP: 15/48 MP: 11/16
  6450 | D:5      | Identified the +7 falchion "Ugischats" {spect, +Blink rF+
                  | rCorr Str-2}
  6798 | D:6      | Noticed Menkaure
  6812 | D:6      | Killed Menkaure
  7094 | D:6      | Found a shimmering altar of Xom.
  7101 | D:6      | Found a radiant altar of Vehumet.
  7107 | D:6      | Found a white marble altar of Elyvilon.
  7115 | D:6      | Found a snail-covered altar of Cheibriados.
  7120 | D:6      | Found a basalt altar of Yredelemnul.
  7132 | D:6      | Became a worshipper of Vehumet
  7144 | D:6      | Found a stormy altar of Qazlal.
  7151 | D:6      | Found an opulent altar of Gozag.
  7238 | D:6      | Reached XP level 9. HP: 55/55 MP: 16/21
  7315 | D:6      | Noticed Pikel
  7331 | D:6      | Killed Pikel
  7364 | D:6      | Noticed Grinder
  7534 | D:6      | Slain by a vampire

Illustrated notes

Levels and vault maps discovered:
D:1:      lemuel_arrival_river_ford, layout_loops_cross
D:2:      layout_basic, uniq_terence
D:3:      layout_basic, dreamdust_ecumenical_altar_drowned_temple,
          kennysheep_generic_room_6
D:4:      layout_basic, nicolae_figureground_sparkle, uniq_natasha,
          uniq_eustachio, uniq_ijyb
D:5:      layout_cave_pods, gup_sewer_entry_pipe, serial_shops,
          nicolae_square_shop, chequers_decorated_corner
D:6:      cheibrodos_two_vegetables, layout_rooms,
          mainiacjoe_overflow_concentric_impassable,
          grunt_temple_overflow_octagram, temple_pool_b, serial_shops,
          kennysheep_little_box, uniq_grinder, uniq_menkaure, uniq_pikel

Skill      XL: |  1  2  3  4  5  6  7  8  9 |
---------------+----------------------------+-----
Ice Magic      | 5 6 7 8 |  8.0
Spellcasting   | 3 4 5 8 |  8.0
Fighting       | 1 2 3 |  3.7
Conjurations   | 3 |  3.7
Short Blades   | |  0.2
Dodging        | |  2.0
Stealth        | |  2.7

Action                   |  1- 3 |  4- 6 |  7- 9 || total
-------------------------+-------+-------+-------++-------
Melee: Unarmed           |    11 |       |       ||    11
       Constrict         |     7 |     9 |    24 ||    40
       Tentacles         |     4 |     9 |    23 ||    36
       Punch             |     1 |       |     3 ||     4
       Short sword       |       |    37 |    81 ||   118
 Cast: Freeze            |    36 |    22 |    20 ||    78
       Frozen Ramparts   |     1 |     7 |    18 ||    26
       Ozocubu's Armour  |       |     5 |    16 ||    21
  Use: Scroll            |       |       |     8 ||     8
 Stab: Sleeping          |       |     6 |     4 ||    10
Armor: Skin              |       |    15 |    48 ||    63
Dodge: Dodged            |    25 |    49 |    93 ||   167

Table legend: (Time is in decaauts)
 A = Elapsed time spent in this place.
 B = Non-inter-level travel time spent in this place.
 C = Inter-level travel time spent in this place.
 D = Time resting spent in this place.
 E = Time spent auto-exploring this place.
 F = Levels seen in this place.
 G = Mean time per level.
                   A        B        C        D        E       F      G
               +--------+--------+--------+--------+--------+-----+--------+
         Total |   7539 |   6629 |    910 |   1685 |   3888 |   6 | 1256.5 |
       Dungeon |   7539 |   6629 |    910 |   1685 |   3888 |   6 | 1256.5 |
               +--------+--------+--------+--------+--------+-----+--------+

Top non-repeatable levels by time:
     D:3: 1712 daAuts
     D:5: 1419 daAuts
     D:4: 1320 daAuts
     D:1: 1216 daAuts
     D:2: 1111 daAuts
     D:6: 758 daAuts
